 Dungeon Crawl Stone Soup version 0.18-a0-1784-ga939a68 (webtiles) character file.

1932 Zhenya25pyc the Basher (level 9, 0/57 HPs)
             Began as a Gargoyle Fighter on Apr 18, 2016.
             Was a Believer of Makhleb.
             Slain by a spriggan
             ... wielding a +0 dagger
              (5 damage)
             ... on level 5 of the Dungeon.
             The game lasted 00:13:03 (4380 turns).

Zhenya25pyc the Basher (Gargoyle Fighter)           Turns: 4380, Time: 00:13:04

Health: 0/57       AC: 16    Str: 26    XL:     9   Next: 17%
Magic:  9/9        EV:  7    Int: 10    God:    Makhleb [**....]
Gold:   218        SH:  9    Dex:  9    Spells: 0 memorised, 8 levels left

rFire  . . .     SeeInvis +     r - +0 mace
rCold  . . .     Gourm    .     b - +0 scale mail
rNeg   + . .     Faith    .     c - +0 shield
rPois  ∞         Spirit   .     (no helmet)
rElec  +         Dismiss  .     (no cloak)
rCorr  .         Reflect  .     p - +0 pair of gloves
SustAt .         Harm     .     t - +0 pair of boots
MR     .....                    (no amulet)
Stlth  ..........               u - ring of see invisible
                                l - +4 ring of strength

@: not resistant to hostile enchantments, extremely unstealthy
A: negative energy resistance 1, electricity resistance, unbreathing,
petrification resistance, rot immunity, AC +5
a: Minor Destruction, Renounce Religion


You were on level 5 of the Dungeon.
You worshipped Makhleb.
Makhleb was pleased with you.
You were not hungry.

You visited 1 branch of the dungeon, and saw 5 of its levels.

You collected 218 gold pieces.

Inventory:

Hand Weapons
 a - a +0 flail
 r - a +0 mace (weapon)
Armour
 b - a +0 scale mail (worn)
 c - a +0 shield (worn)
 p - a +0 pair of gloves (worn)
 t - a +0 pair of boots (worn)
Jewellery
 l - a +4 ring of strength (left hand)
 u - a ring of see invisible (right hand)
Wands
 n - a wand of lightning (6/15)
Scrolls
 g - 4 scrolls of remove curse
 h - 4 scrolls of identify
 k - 3 scrolls of blinking
 o - 2 scrolls of teleportation {unknown}
 s - 2 scrolls of fear {unknown}
 x - a scroll of enchant armour {unknown}
 y - a scroll of enchant weapon {unknown}
Potions
 e - 3 potions of mutation {unknown}
 i - 2 potions of lignification {unknown}
 m - 2 potions of curing {unknown}
 v - a potion of heal wounds {unknown}
 w - a potion of resistance {unknown}
Comestibles
 d - 2 chunks of flesh
 f - 6 bread rations
 j - a meat ration
 q - a beef jerky


   Skills:
 + Level 7.2 Fighting
 * Level 8.4 Maces & Flails
 + Level 7.2 Armour
 - Level 3.2 Shields


You had 8 spell levels left.
You didn't know any spells.

Dungeon Overview and Level Annotations

Branches:
Dungeon (5/15)             Temple (0/1) D:4

Altars:
Ashenzari
Dithmenos
Kikubaaqudgha
Makhleb
Nemelex Xobeh

Shops:
D:5 }


Innate Abilities, Weirdness & Mutations

You are resistant to torment.
Your stone body is resilient (AC +5).
You are immune to poison.
You resist negative energy.
You are resistant to electric shocks.
You can survive without breathing.
You are immune to petrification.
You are immune to rotting.


Message History

You hit the spriggan but do no damage.
The spriggan is heavily wounded.
The spriggan hits you but does no damage.
You miss the spriggan.
The spriggan is heavily wounded.
The spriggan hits you with a dagger.
* * * LOW HITPOINT WARNING * * *
You closely miss the spriggan.
The spriggan is heavily wounded.
The spriggan hits you but does no damage.
The spriggan blocks your attack.
The spriggan is heavily wounded.
You block the spriggan's attack.
You hit the spriggan but do no damage.
The spriggan is heavily wounded.
The crimson imp blinks!
The spriggan barely misses you.
You completely miss the spriggan.
The spriggan is heavily wounded.
The spriggan hits you with a dagger.
You die...

#.# ♣.♣♣ ♣♣. #.# ♣♣.♣ ♣
#.# ♣.♣♣ #.# ♣♣.♣ #.#
♣.♣♣ #.## ♣♣.♣ #..#
♣.♣♣ ♣ ##.# ♣♣.♣♣.♣
#.## ♣♣@i§♣ #..#
♣♣♣...♣ ##.# 5.$♣ #.##
=.♣ #..# .♣ ##.## ♣
#..## ##..## ##
##..##################.


You could see a spriggan and a crimson imp.

Vanquished Creatures
  The ghost of Jano the Cudgeler, a novice OgHu of Okawaru (D:5)
  3 spriggans (D:5)
  Sigmund (D:2)
  A centaur (D:3)
  2 scorpions (D:5)
  A howler monkey (D:5)
  A crimson imp (D:5)
  2 jellies (D:5)
  A hound (D:4)
  2 orc priests
  A giant frog skeleton (D:5)
  6 orc wizards
  2 worker ants
  4 gnolls
  2 adders
  An ooze (D:2)
  3 worms
  A dart slug (D:1)
  3 giant geckos
  8 orcs
  A ball python (D:1)
  2 giant cockroaches (D:5)
  4 goblins
  7 hobgoblins
  9 jackals
  A quokka (D:2)
  10 bats
  6 giant newts
  6 kobolds
  12 rats
  A plant (D:3)
105 creatures vanquished.

Vanquished Creatures (others)
  An orc (D:3)
1 creature vanquished.

Grand Total: 106 creatures vanquished

Notes
Turn   | Place    | Note
--------------------------------------------------------------
     0 | D:1      | Zhenya25pyc the Gargoyle Fighter began the quest for the Orb.
     0 | D:1      | Reached XP level 1. HP: 14/14 MP: 1/1
   237 | D:1      | Reached XP level 2. HP: 19/19 MP: 2/2
   865 | D:2      | Reached XP level 3. HP: 17/23 MP: 3/3
   896 | D:2      | Noticed Sigmund
   914 | D:2      | Killed Sigmund
   914 | D:2      | Reached skill level 4 in Maces & Flails
   914 | D:2      | Reached XP level 4. HP: 7/30 MP: 4/4
   914 | D:2      | Reached XP level 5. HP: 8/34 MP: 5/5
  1415 | D:2      | Found a burning altar of Makhleb.
  1415 | D:2      | Noticed a blizzard demon
  1580 | D:2      | Noticed a ynoxinul
  1580 | D:2      | Noticed an orange demon
  1582 | D:2      | Became a worshipper of Makhleb the Destroyer
  1644 | D:2      | Reached XP level 6. HP: 39/39 MP: 6/6
  2286 | D:3      | Found a sparkling altar of Nemelex Xobeh.
  2291 | D:3      | Found a shattered altar of Ashenzari.
  2294 | D:3      | Found a shadowy altar of Dithmenos.
  2306 | D:3      | Found an ancient bone altar of Kikubaaqudgha.
  2311 | D:3      | Reached * piety under Makhleb
  2422 | D:3      | Reached skill level 5 in Fighting
  2714 | D:4      | Reached skill level 5 in Maces & Flails
  2783 | D:3      | Reached XP level 7. HP: 31/44 MP: 7/7
  2886 | D:3      | Reached skill level 5 in Armour
  2911 | D:3      | Reached ** piety under Makhleb
  3478 | D:4      | Found a staircase to the Ecumenical Temple.
  3542 | D:5      | Entered Level 5 of the Dungeon
  3800 | D:5      | Noticed Jano's ghost (novice OgHu)
  3823 | D:5      | Killed Jano's ghost
  3823 | D:5      | Reached skill level 7 in Maces & Flails
  3823 | D:5      | Reached XP level 8. HP: 8/52 MP: 8/8
  4048 | D:5      | Found Wusasozo's Gadget Shop.
  4132 | D:5      | Noticed a spriggan
  4172 | D:5      | Killed a spriggan
  4267 | D:5      | Noticed a spriggan
  4268 | D:5      | Noticed a spriggan
  4301 | D:5      | Killed a spriggan
  4301 | D:5      | Reached skill level 8 in Maces & Flails
  4301 | D:5      | Reached XP level 9. HP: 16/57 MP: 9/9
  4380 | D:5      | Slain by a spriggan

Vault maps used:
D:1:      tarquinn_simple_flora_water_e, st_stairs_5
D:2:      first_bread, st_stairs_5, makhleb_altar_promises_db, uniq_sigmund
D:3:      grunt_temple_overflow_cloverleaf, amethyst_killhole,
          serial_bayou_lake_a
D:4:      temple_hall
D:5:      forest_paths, minitemple, enter_ossuary_3, serial_shops, shop

Skill      XL: |  1  2  3  4  5  6  7  8 |
---------------+-------------------------+-----
Fighting       | 4 5 6 7 |  7.2
Maces & Flails | 4 5 7 8 |  8.4
Armour         | 4 6 7 |  7.2
Shields        | |  3.2

Action                   |  1- 3 |  4- 6 |  7- 9 || total
-------------------------+-------+-------+-------++-------
Melee: Flail             |   111 |   136 |       ||   247
       Mace              |       |   171 |   305 ||   476
  Use: Scroll            |       |     3 |       ||     3
       Potion            |       |       |     1 ||     1
  Eat: Chunk             |       |     7 |     2 ||     9
       Meat ration       |       |       |     1 ||     1
Armor: Scale mail        |    96 |   141 |   174 ||   411
Dodge: Dodged            |    43 |    68 |    72 ||   183
Block: Shield            |    81 |   120 |   163 ||   364
